 Dungeon Crawl Stone Soup version 0.21.0-3-g78d12a8 (webtiles) character file.

538 IksarHS the Chopper (level 7, -7/61 HPs)
             Began as a Minotaur Fighter on Jan 14, 2018.
             Mangled by Menkaure (10 damage)
             ... on level 6 of the Dungeon.
             The game lasted 00:03:08 (1100 turns).

IksarHS the Chopper (Minotaur Fighter)              Turns: 1100, Time: 00:03:09

Health: -7/61      AC: 12    Str: 28    XL:     7   Next: 5%
Magic:  6/6        EV:  6    Int:  5    God:
Gold:   95         SH: 11    Dex:  9    Spells: 6/6 levels left

rFire    . . .     SeeInvis .   a - +0 war axe
rCold    . . .     Gourm    .   c - +1 shield
rNeg     . . .     Faith    .   g - +0 plate armour
rPois    .         Spirit   .   (helmet restricted)
rElec    .         Reflect  .   (no cloak)
rCorr    .         Harm     .   (no gloves)
MR       .....                  (no boots)
Stlth    ..........             (no amulet)
HPRegen  0.20/turn              (no ring)
MPRegen  0.10/turn              (no ring)

@: mighty
A: retaliatory headbutt, horns 2
a: no special abilities


You were on level 6 of the Dungeon.
You were not hungry.

You visited 1 branch of the dungeon, and saw 6 of its levels.
You also visited: Sewer.

You collected 95 gold pieces.

Inventory:

Hand Weapons
 a - a +0 war axe (weapon)
Armour
 b - a +0 scale mail
 c - a +1 shield (worn)
 g - a +0 plate armour (worn)
Scrolls
 e - 3 scrolls of teleportation
 f - a scroll of immolation {unknown}
Potions
 n - 2 potions of magic


   Skills:
 + Level 5.1 Fighting
 * Level 5.8 Axes
 + Level 5.0 Armour
 + Level 3.0 Dodging
 + Level 5.1 Shields


You had 6 spell levels left.
You didn't know any spells.

Dungeon Overview and Level Annotations

Branches:
Dungeon (6/15)
 Temple: D:4-7

Altars:

Annotations:
D:6 Menkaure


Innate Abilities, Weirdness & Mutations

You reflexively headbutt those who attack you in melee.
You have a pair of horns on your head.


Message History

Found a ration.
Menkaure is nearby!
Menkaure is nearby!
Menkaure is nearby!
You feel very mighty all of a sudden.
Menkaure grins.
Menkaure calls on the powers of darkness!
Your body is wracked with pain!
Menkaure gestures wildly while chanting.
Menkaure seems to speed up.
Menkaure hits you but does no damage.
Your shield and plate armour prevent you from hitting Menkaure.
Menkaure hits you! Menkaure hits you!!
* * * LOW HITPOINT WARNING * * *
You are too injured to fight recklessly!
You are too injured to fight recklessly!
You slash Menkaure!
Menkaure is severely damaged.
Menkaure hits you!
You die...

#........#
###......#
##.....##
###....##
#<.......##
...........##
............#
............#
#####....@..#
#....M..#
#......##
....%...##
.......##
.......
.......
#......


You could see Menkaure.

Vanquished Creatures
  The ghost of MetaCosm the Conjurer, a novice DEFE of Vehumet (D:5)
  A hungry ghost (D:5)
  2 hounds (D:5)
  2 worker ants (D:5)
  4 adders
  A river rat (D:5)
  3 giant cockroaches
  A goblin (D:3)
  3 hobgoblins
  2 jackals (D:3)
  A quokka (D:2)
  3 ball pythons (Sewer)
  2 bats (D:1)
  7 frilled lizards
  2 rats
35 creatures vanquished.

Notes
Turn   | Place    | Note
-------+----------+-------------------------------------------
     0 | D:1      | IksarHS the Minotaur Fighter began the quest for the Orb.
     0 | D:1      | Reached XP level 1. HP: 19/19 MP: 0/0
   175 | D:3      | Reached XP level 2. HP: 25/27 MP: 1/1
   274 | D:4      | Reached skill level 1 in Dodging
   280 | D:5      | Entered Level 5 of the Dungeon
   355 | D:5      | Reached XP level 3. HP: 33/33 MP: 2/2
   365 | D:5      | Found a glowing drain.
   369 | Sewer    | Entered a sewer
   586 | Sewer    | Reached XP level 4. HP: 39/40 MP: 3/3
   696 | D:5      | Noticed MetaCosm's ghost (novice DEFE)
   701 | D:5      | HP: 2/40 [hound (2)]
   711 | D:5      | Reached XP level 5. HP: 27/47 MP: 4/4
   714 | D:5      | Noticed a hungry ghost
   724 | D:5      | Killed a hungry ghost
   724 | D:5      | Reached skill level 5 in Axes
   724 | D:5      | Reached XP level 6. HP: 8/53 MP: 5/5
   728 | D:5      | Killed MetaCosm's ghost
   728 | D:5      | Reached skill level 5 in Fighting
   728 | D:5      | Reached skill level 5 in Armour
   728 | D:5      | Reached skill level 5 in Shields
   728 | D:5      | Reached XP level 7. HP: 5/61 MP: 6/6
  1093 | D:6      | Noticed Menkaure
  1099 | D:6      | HP: 3/61 [Menkaure (19)]
  1100 | D:6      | Mangled by Menkaure

Skill      XL: |  1  2  3  4  5  6 |
---------------+-------------------+-----
Axes           | 3 4 5 |  5.8
Dodging        | 1 2 3 |  3.0
Fighting       | 4 5 |  5.1
Armour         | 4 5 |  5.0
Shields        | 4 5 |  5.1

Action                   |  1- 3 |  4- 6 |  7- 9 || total
-------------------------+-------+-------+-------++-------
Melee: War axe           |    59 |    28 |     2 ||    89
       Headbutt          |     7 |     6 |       ||    13
  Use: Potion            |       |     6 |     1 ||     7
       Scroll            |       |     4 |       ||     4
  Eat: Chunk             |       |       |     2 ||     2
       Ration            |       |       |     1 ||     1
Armor: Scale mail        |    25 |    10 |       ||    35
       Plate armour      |       |       |     1 ||     1
Dodge: Dodged            |    19 |     7 |       ||    26
Block: Shield            |    30 |    18 |       ||    48
